 Dungeon Crawl Stone Soup version 0.30-a0-711-gf4ac18a38d (webtiles) character file.

Game seed: 3839565758678810164

38 tilp the Shield-Bearer (level 3, 0/31 HPs)
             Began as a Meteoran Fighter on Jan 22, 2023.
             Slain by Sigmund
             ... wielding a +0 scythe
              (6 damage)
             ... on level 2 of the Dungeon.
             The game lasted 00:01:47 (342 turns).

tilp the Shield-Bearer (Meteoran Fighter)            Turns: 342, Time: 00:01:48

Health: 0/31       AC:  7    Str: 18    XL:     3   Next: 91%
Magic:  4/4        EV: 10    Int:  9    God:
Gold:   82         SH:  0    Dex: 15    Spells: 2/2 levels left

rFire   . . .      SeeInvis .    a - +0 long sword
rCold   . . .      Faith    .    c - +0 buckler
rNeg    . . .      Spirit   .    j - +0 scale mail
rPois   .          Reflect  .    (no helmet)
rElec   .          Harm     .    (no cloak)
rCorr   .          Rampage  .    (no gloves)
Will    .....                    (no boots) Stlth
                                 (no amulet)
HPRegen 0.25/turn                (no ring)
MPRegen 0.09/turn                (no ring)

@: confused, mighty, glowing
A: sense surroundings 1, otherworldly, glowing, explore regen
a: no special abilities


You were on level 2 of the Dungeon.
You visited 1 branch of the dungeon, and saw 3 of its levels.

You collected 82 gold pieces.

Inventory:

Hand Weapons
 a - a +0 long sword (weapon)
 b - a +4 whip
 l - a +0 dagger of draining
Missiles
 g - 10 stones (quivered)
Armour
 c - a +0 buckler (worn)
 j - a +0 scale mail (worn)
Scrolls
 f - a scroll of immolation {unknown}
 k - a scroll of magic mapping {unknown}
 m - 3 scrolls of identify {unknown}
Potions
 d - a potion of might
 e - a potion of invisibility {unknown}
 h - a potion of heal wounds {unknown}
 i - a potion of mutation {unknown}


   Skills:
 + Level 3.5 Fighting
 + Level 2.8 Long Blades
 + Level 3.8 Armour
 * Level 1.9 Dodging
 + Level 0.6 Stealth
 + Level 3.8 Shields


You had 2 spell levels left.
You didn't know any spells.
Your spell library was empty.

Dungeon Overview and Level Annotations

Branches:
Dungeon (3/15) Zot: 1429

Altars:

Annotations:
D:2 Sigmund


Innate Abilities, Weirdness & Mutations

You passively map a small area around you.
You are easily found by Zot.
You glow in the dark.
You regain HP and MP as you explore.


Message History

You hit Sigmund.
Sigmund is heavily wounded.
Sigmund closely misses you.
You slash Sigmund!
Sigmund is severely wounded.
You block Sigmund's attack.
You barely miss Sigmund.
Sigmund is severely wounded.
Sigmund points at you and mumbles some strange words.
You are confused.
You're too confused to move!
Sigmund hits you but does no damage.
You miss Sigmund.
Sigmund is severely wounded.
Sigmund casts a spell.
Sigmund flickers and vanishes!
Deactivating autopickup; reactivate with Ctrl-A.
You hear an angry hiss.
You closely miss something.
You hear some strange, mumbled words.
A puff of flame appears from out of thin air!
The puff of flame hits you!
A frilled lizard comes into view.
The frilled lizard hisses angrily.
Something hits you but does no damage.
The frilled lizard hisses.
You bump into the metal wall.
You feel less confused.
You hear some strange, mumbled words.
You are confused.
You completely miss something. Something hits you but does no damage.
An endoplasm comes into view.
Something hits you!
You bump into the metal wall.
The endoplasm quivers.
You miss something. Something hits you.
* * * LOW HITPOINT WARNING * * *
You miss something. Something hits you!
* * * LOW HITPOINT WARNING * * *
Something hits you.
You die...

, #. . ,,,.## , #. .*
* * #.. .### .#, #..
... ..# ###..###.###..
, ,* #..##...#...#, ,
* #...#.†.#...#
#...#...#..# *, *
#....###@.#, * ###,
##....#...# , *
....######....#.{## ,
...[.....>..##..#lJ#*
.#####.##.##....#.....
.# #.##.####..#..###.,
.# #....# ###..## * .#
#.#..## ...,,
.#####.....# .##


You could see a frilled lizard.

Vanquished Creatures
  An adder (D:2)
  2 dart slugs (D:1)
  3 ball pythons
  3 endoplasms (D:1)
  3 giant cockroaches (D:1)
  3 hobgoblins (D:1)
  A quokka (D:2)
  A bat (D:1)
  A frilled lizard (D:1)
  A goblin (D:1)
  4 kobolds
  A rat (D:1)
24 creatures vanquished.

Notes
Turn   | Place    | Note
-------+----------+-------------------------------------------
     0 | D:1      | tilp the Meteoran Fighter began the quest for the Orb.
     0 | D:1      | Reached XP level 1. HP: 19/19 MP: 2/2
    28 | D:1      | Reached XP level 2. HP: 20/26 MP: 3/3
   100 | D:1      | Reached skill level 1 in Dodging
   192 | D:1      | Reached XP level 3. HP: 28/31 MP: 4/4
   322 | D:2      | Noticed Sigmund
   342 | D:2      | Slain by Sigmund

Illustrated notes

Levels and vault maps discovered:
D:1:      grunt_arrival_lava_bath, layout_loops_ring, st_stairs_9
D:2:      layout_loops_ring, nicolae_titane, uniq_sigmund
D:3:      layout_rooms

Skill      XL: |  1  2 |
---------------+-------+-----
Dodging        | 1 |  1.9
Fighting       | |  3.5
Long Blades    | |  2.8
Armour         | |  3.8
Stealth        | |  0.6
Shields        | |  3.8

Action                     || total
---------------------------++-------
  Melee: Long sword        ||    84
    Use: Potion            ||     1
 Armour: Scale mail        ||    57
  Dodge: Dodged            ||    44
  Block: Buckler           ||    22

Table legend: (Time is in decaauts)
 A = Elapsed time spent in this place.
 B = Non-inter-level travel time spent in this place.
 C = Inter-level travel time spent in this place.
 D = Time resting spent in this place.
 E = Time spent auto-exploring this place.
 F = Levels seen in this place.
 G = Mean time per level.
                   A        B        C        D        E       F      G
               +--------+--------+--------+--------+--------+-----+--------+
         Total |    370 |    358 |     12 |      0 |      0 |   3 |  123.3 |
       Dungeon |    370 |    358 |     12 |      0 |      0 |   3 |  123.3 |
               +--------+--------+--------+--------+--------+-----+--------+

Top non-repeatable levels by time:
     D:1: 257 daAuts
     D:2: 110 daAuts
     D:3: 1 daAuts
